 Dungeon Crawl Stone Soup version 0.30-a0-702-gdf48620a09 (webtiles) character file.

Game seed: 15085797676886911383

77 Darius099 the Shield-Bearer (level 4, 0/29 HPs)
             Began as a Gargoyle Fighter on Jan 21, 2023.
             Slain by a gnoll
             ... wielding a +0 flail
              (1 damage)
             ... on level 2 of the Dungeon.
             The game lasted 00:01:38 (1522 turns).

Darius099 the Shield-Bearer (Gargoyle Fighter)      Turns: 1522, Time: 00:01:38

Health: 0/29       AC: 10    Str: 20    XL:     4   Next: 33%
Magic:  4/4        EV:  9    Int:  8    God:
Gold:   110        SH:  4    Dex: 11    Spells: 3/3 levels left

rFire   . . .      SeeInvis .    a - +0 flail
rCold   . . .      Faith    .    c - +0 buckler
rNeg    + . .      Spirit   .    b - +0 scale mail
rPois   ∞          Reflect  .    (no helmet)
rElec   +          Harm     .    (no cloak)
rCorr   .          Rampage  .    (no gloves)
Will    .....                    (no boots) Stlth
                                 (no amulet)
HPRegen 0.24/turn                (no ring)
MPRegen 0.09/turn                (no ring)

@: no status effects
A: sickness immunity, AC +3, negative energy resistance 1, electricity
resistance, torment resistance 1, petrification resistance
a: no special abilities


You were on level 2 of the Dungeon.
You visited 1 branch of the dungeon, and saw 2 of its levels.

You collected 110 gold pieces.

Inventory:

Hand Weapons
 a - a +0 flail (weapon)
Armour
 b - a +0 scale mail (worn)
 c - a +0 buckler (worn)
Jewellery
 l - a +5 ring of evasion
Wands
 q - a wand of iceblast (13)
Scrolls
 f - a scroll of butterflies {unknown}
 h - a scroll of fear {unknown}
 j - 4 scrolls of identify {unknown}
 k - a scroll of immolation {unknown}
 m - 2 scrolls of enchant weapon {unknown}
 o - 2 scrolls of noise {unknown}
 r - a scroll of fog {unknown}
 u - a scroll of amnesia {unknown}
Potions
 d - a potion of might
 e - 3 potions of curing
 g - a potion of haste {unknown}
 i - a potion of brilliance {unknown}
 n - a potion of heal wounds {unknown}
 p - a potion of attraction {unknown}
 t - a potion of berserk rage {unknown}


   Skills:
 + Level 3.9 Fighting
 + Level 2.7 Maces & Flails
 + Level 3.9 Armour
 + Level 4.0 Shields


You had 3 spell levels left.
You didn't know any spells.
Your spell library was empty.

Dungeon Overview and Level Annotations

Branches:
Dungeon (2/15)

Altars:

Shops:
D:1 ?   D:2 (


Innate Abilities, Weirdness & Mutations

You are immune to sickness and miasma.
Your stone body is resilient. (AC +3)
You are immune to poison.
You resist negative energy. (rN+)
You are resistant to electric shocks. (rElec)
You are resistant to unholy torment.
You are immune to petrification.


Message History

Unknown command.
You are too injured to fight recklessly!
You are too injured to fight recklessly!
You are too injured to fight recklessly!
You are too injured to fight recklessly!
You are too injured to fight recklessly!
You are too injured to fight recklessly!
You are too injured to fight recklessly!
You are too injured to fight recklessly!
You are too injured to fight recklessly!
You are too injured to fight recklessly!
There are monsters nearby!
Unknown command.
Unknown command.
Unknown command.
Unknown command.
Unknown command.
Unknown command.
There are monsters nearby!
Unknown command.
There are monsters nearby!
Unknown command.
There are monsters nearby!
Unknown command.
There are monsters nearby!
Unknown command.
There are monsters nearby!
Unknown command.
Unknown command.
Unknown command.
Unknown command.
Unknown command.
It was a potion of curing.
You feel better. The gnoll hits you but does no damage.
The gnoll hits you with a +0 flail!
* * * LOW HITPOINT WARNING * * *
It was a potion of magic.
Magic courses through your body.
The gnoll hits you from afar with a +0 spear.
* * * LOW HITPOINT WARNING * * *
The gnoll hits you with a +0 flail.
You die...

#.#
#.......###..#....#.....#
#.#
#.......'.##......##....#
#.#
#.......#.####....##....#
..#
#.#+#<..#.####.....#.####
#####
#.#.#####.#.....#.>.....#
......
..#.......#.#####.#####.#
################(#.#
#.#####.# ....
........#.# #.......#
#### #######@#.#
######### # #g#.#
########## .. .g#.#
#......... ### #..#.#
#.######## #..#.#####.#
#..#.....#.# #..#..##)#.#
#..#.......# ###.#.###


You could see 2 gnolls.

Vanquished Creatures
  2 gnolls (D:2)
  An adder (D:2)
  2 dart slugs
  6 ball pythons
  2 bats
  6 endoplasms
  5 giant cockroaches
  2 goblins (D:2)
  A hobgoblin (D:1)
  8 kobolds
  2 quokkas (D:1)
  2 frilled lizards (D:1)
  2 rats (D:2)
41 creatures vanquished.

Notes
Turn   | Place    | Note
-------+----------+-------------------------------------------
     0 | D:1      | Darius099 the Gargoyle Fighter began the quest for the Orb.
     0 | D:1      | Reached XP level 1. HP: 14/14 MP: 1/1
    89 | D:1      | Reached XP level 2. HP: 19/19 MP: 2/2
   114 | D:1      | Found a faded altar of an unknown god.
   341 | D:1      | Found Setep's Magic Scroll Emporium.
   368 | D:1      | Reached XP level 3. HP: 23/23 MP: 3/3
  1346 | D:2      | Found Taskoecw's Weapon Emporium.
  1516 | D:2      | Reached skill level 4 in Shields
  1516 | D:2      | Reached XP level 4. HP: 17/29 MP: 4/4
  1522 | D:2      | HP: 1/29 [gnoll/+0 spear (1)]
  1522 | D:2      | Slain by a gnoll

Illustrated notes

Levels and vault maps discovered:
D:1:      psy_arrival_statuary, layout_basic, basic_ecumenical_altar,
          serial_shops, nicolae_shop_statue_plus
D:2:      layout_basic, serial_shops, nicolae_shop_crystal

Skill      XL: |  1  2  3 |
---------------+----------+-----
Shields        | 4 |  4.0
Fighting       | |  3.9
Maces & Flails | |  2.7
Armour         | |  3.9

Action                   |  1- 3 |  4- 6 || total
-------------------------+-------+-------++-------
Melee: Flail             |   122 |     5 ||   127
  Use: Potion            |       |     2 ||     2
Armor: Scale mail        |    66 |     6 ||    72
Dodge: Dodged            |    67 |     2 ||    69
Block: Buckler           |    26 |     2 ||    28

Table legend: (Time is in decaauts)
 A = Elapsed time spent in this place.
 B = Non-inter-level travel time spent in this place.
 C = Inter-level travel time spent in this place.
 D = Time resting spent in this place.
 E = Time spent auto-exploring this place.
 F = Levels seen in this place.
 G = Mean time per level.
                   A        B        C        D        E       F      G
               +--------+--------+--------+--------+--------+-----+--------+
         Total |   1563 |   1528 |     35 |      0 |   1186 |   2 |  781.5 |
       Dungeon |   1563 |   1528 |     35 |      0 |   1186 |   2 |  781.5 |
               +--------+--------+--------+--------+--------+-----+--------+

Top non-repeatable levels by time:
     D:1: 1006 daAuts
     D:2: 556 daAuts
